Map: Newkirk Precinct TE (Void)

Players

Hallsman

  • Race: Terran Terran
  • Spawn Location: 5:00

llllllllllll - Winner!

  • Race: Terran Terran
  • League: Silver
  • Spawn Location: 7:00

VOD

Have the link to the VOD?

Description

Time

  • Played on: Jan. 8, 2017, 11:29 a.m.
  • Length: 6:50
Show
View Real Time Build Order
Export as new Build Order

Hallsman Terran 

Build Orders:  

Get SALT Encoding   

  12  0:02  SCV  
  13  0:15  SCV  
  14  0:25  Supply Depot  
  14  0:27  SCV  
  15  0:51  Barracks  
  15  1:00  SCV  
  15  1:01  Supply Depot  
  16  1:12  SCV  
  17  1:24  SCV  
  18  1:43  Barracks  
  18  1:53  Marine  
  19  1:58  Command Center  
  19  2:02  Orbital Command  
  19  2:11  Marine  
  20  2:28  Marine  
  21  2:31  SCV  
  21  2:35  Marine  
  21  2:36  Barracks  
  23  2:43  SCV  
  24  2:46  Marine  
  25  2:53  Marine  
  26  3:04  Marine  
  27  3:11  Barracks, Marine  
  28  3:15  Barracks  
  28  3:26  Orbital Command  
  28  3:59  Marine  
  28  4:00  Marine x3  
  31  4:17  Marine x2  
  31  4:18  Marine x2, SCV  
  31  4:20  Supply Depot  
  31  4:23  Marine  
  37  4:30  SCV  
  38  4:35  Marine x3  
  38  4:36  Marine  
  42  4:41  Marine  
  43  4:53  Marine x3  
  43  4:54  Marine  
  43  4:58  Marine  
  48  5:07  Supply Depot  
  48  5:08  Supply Depot  
  48  5:11  Marine x4  
  52  5:16  Marine  
  51  5:29  Marine x4  
  51  5:34  Marine  
  46  5:46  Marine  
  38  6:01  Marine  
  38  6:02  Marine x3  
  36  6:08  Marine  
  32  6:19  Marine x3  
  32  6:20  Marine  
  32  6:23  Command Center  
  32  6:26  Marine  
Show
View Real Time Build Order
Export as new Build Order

llllllllllll Terran - Winner!

Build Orders:  

Get SALT Encoding   

  12  0:03  SCV  
  13  0:15  SCV  
  14  0:24  Supply Depot  
  14  0:28  SCV  
  15  0:46  SCV  
  15  0:48  Barracks  
  16  0:58  SCV  
  16  1:02  Refinery  
  17  1:04  Refinery  
  17  1:10  SCV  
  18  1:22  SCV  
  19  1:34  SCV  
  19  1:37  Supply Depot  
  20  1:51  SCV  
  20  1:53  Reaper  
  22  2:10  Orbital Command  
  22  2:13  Barracks  
  22  2:15  Barracks  
  22  2:18  Ghost Academy  
  22  2:42  SCV  
  23  2:49  Supply Depot  
  23  2:50  Personal Cloaking  
  23  2:54  SCV  
  24  3:00  Barracks Tech Lab  
  24  3:02  Barracks Tech Lab  
  24  3:06  Barracks  
  24  3:24  Supply Depot  
  24  3:32  Factory  
  24  3:41  Ghost  
  24  3:42  Ghost  
  28  4:10  Ghost x2  
  32  4:18  Nuke  
  32  4:21  Supply Depot  
  32  4:38  Ghost  
  34  4:54  Factory Tech Lab  
  34  4:57  Ghost  
  32  5:54  Ghost x2  
Tags
 
Add a new tag
Caveats
  • Supply blocks, unpowered buildings, or Contaminate may cause inaccurate times.
  • Supply counts are checked every 10 seconds.